 Dungeon Crawl Stone Soup version 0.29.0-10-g45618ea6d2 (webtiles) character file.

Game seed: 13236930363088075664

1260 Charly the Chopper (level 8, -4/52 HPs)
             Began as a Gargoyle Berserker on Sept 1, 2022.
             Was a Follower of Trog.
             Slain by a manticore (6 damage)
             ... on level 6 of the Dungeon.
             The game lasted 00:08:22 (5542 turns).

Charly the Chopper (Gargoyle Berserker)             Turns: 5542, Time: 00:08:23

Health: -4/52      AC: 22    Str: 23    XL:     8   Next: 52%
Magic:  8/8        EV:  7    Int:  8    God:    Trog [*.....]
Gold:   49         SH:  0    Dex:  9    Spells: 7/7 levels left

rFire   . . .      SeeInvis +   A - +0 war axe
rCold   . . .      Faith    .   (no shield)
rNeg    + . .      Spirit   .   n - +0 plate armour
rPois   ∞          Reflect  .   z - +2 helmet {SInv}
rElec   +          Harm     .   c - +0 cloak
rCorr   .          Rampage  .   (no gloves)
Will    .....                   (no boots)
Stlth   ..........              (no amulet)
HPRegen 0.17/turn               (no ring)
MPRegen 0.11/turn               (no ring)

@: on berserk cooldown, slowed, very slow
A: sickness immunity, AC +5, negative energy resistance 1, electricity
resistance, torment resistance 1, petrification resistance
a: Renounce Religion, Berserk


You were on level 6 of the Dungeon.
You worshipped Trog.
Trog was aware of your devotion.
You visited 2 branches of the dungeon, and saw 7 of its levels.
You also visited: Sewer.

You collected 328 gold pieces.
You spent 279 gold pieces at shops.

Inventory:

Hand Weapons
 A - a +0 war axe (weapon)
Missiles
 i - 15 poisoned darts (quivered)
Armour
 c - a +0 cloak (worn)
 n - a +0 plate armour (worn)
 z - a +2 helmet of see invisible (worn)
Wands
 v - a wand of paralysis (3)
Scrolls
 e - 3 scrolls of fog {unknown}
 f - 6 scrolls of teleportation {unknown}
 h - 4 scrolls of identify {unknown}
 k - 3 scrolls of magic mapping {unknown}
 l - a scroll of blinking {unknown}
 m - 2 scrolls of vulnerability {unknown}
 p - 2 scrolls of enchant weapon {unknown}
 q - a scroll of immolation {unknown}
 r - a scroll of enchant armour {unknown}
 s - a scroll of noise {unknown}
 x - a scroll of brand weapon {unknown}
Potions
 b - 4 potions of heal wounds
 d - a potion of degeneration {unknown}
 g - 4 potions of haste {unknown}
 j - 5 potions of curing {unknown}
 o - 2 potions of brilliance {unknown}
 t - 2 potions of mutation {unknown}
 u - 4 potions of flight
 w - a potion of magic {unknown}


   Skills:
 + Level 6.4 Fighting
 * Level 7.0 Axes
 + Level 5.8 Armour
 - Level 1.5 Dodging


You had 7 spell levels left.
You didn't know any spells.
Your spell library was empty.

Dungeon Overview and Level Annotations

Branches:
Dungeon (6/15)             Temple (1/1) D:5           Sewer (visited)

Altars:
Ashenzari
Cheibriados
Dithmenos
Elyvilon
Fedhas
Gozag
Hepliaklqana
Kikubaaqudgha
Nemelex Xobeh
Okawaru
Qazlal
Ru
Sif Muna
Trog
Uskayaw
Vehumet
Xom
Yredelemnul
Zin
The Shining One

Shops:
D:3 (*?:


Innate Abilities, Weirdness & Mutations

You are immune to sickness and miasma.
Your stone body is resilient. (AC +5)
You are immune to poison.
You resist negative energy. (rN+)
You are resistant to electric shocks. (rElec)
You are resistant to unholy torment.
You are immune to petrification.


Message History

The manticore is heavily wounded.
The manticore bites you! The manticore claws you!
* * * LOW HITPOINT WARNING * * *
The manticore claws you but does no damage.
You barely miss the manticore.
The manticore is heavily wounded.
The manticore bites you!
* * * LOW HITPOINT WARNING * * *
The manticore barely misses you.
The manticore claws you but does no damage.
You closely miss the manticore. You punch the manticore.
The manticore is heavily wounded.
The manticore barely misses you.
The manticore claws you but does no damage. x2
You barely miss the manticore.
The manticore is heavily wounded.
You slash the manticore!
The manticore is severely wounded.
The manticore bites you!
* * * LOW HITPOINT WARNING * * *
The manticore barely misses you. x2
You hit the manticore.
The manticore is severely wounded.
You are no longer berserk.
You are exhausted.
You feel yourself slow down. The manticore bites you.
* * * LOW HITPOINT WARNING * * *
The manticore barely misses you.
The manticore claws you but does no damage.
You hit the manticore.
The manticore is almost dead.
The manticore bites you!
* * * LOW HITPOINT WARNING * * *
The manticore claws you but does no damage.
The manticore closely misses you. x2
The manticore claws you but does no damage. x2
You hit the manticore.
The manticore is almost dead.
The manticore barely misses you. The manticore claws you.
You die...

.###.#.###.#
.#...#..#..##..
.S.####...###.##.
[..H.............
#!.####H.####.##. ##..
#..## #.# ###. #...# #.#
###[#.#.###.#####
..........[.[.@.#
...#.....[.).†H.########
... #>#....).............
.. ......................
.............>...########
...####.......### ...
#.......# .........#
###.......#


You could see a manticore.

Vanquished Creatures
  A hornet (D:6)
  A water moccasin (D:6)
  An ice beast (D:5)
  2 ogres (D:5)
  2 kobold brigands
  A bullfrog (D:6)
  2 scorpions
  2 hounds
  3 jellies
  An iguana (D:3)
  2 orc wizards
  6 adders
  2 river rats
  A worm (D:4)
  9 orcs
  5 bats
  4 endoplasms
  6 giant cockroaches
  7 goblins
  2 hobgoblins (D:1)
  7 jackals
  2 quokkas
  6 ball pythons
  2 frilled lizards
  7 kobolds
  10 rats
94 creatures vanquished.

Notes
Turn   | Place    | Note
-------+----------+-------------------------------------------
     0 | D:1      | Charly the Gargoyle Berserker began the quest for the Orb.
     0 | D:1      | Reached XP level 1. HP: 14/14 MP: 1/1
   141 | D:1      | You fall into a shaft and drop 1 floor!
   231 | D:1      | Reached skill level 3 in Axes
   231 | D:1      | Reached XP level 2. HP: 19/19 MP: 2/2
   993 | D:2      | Reached XP level 3. HP: 23/24 MP: 3/3
  1347 | D:2      | Found a faded altar of an unknown god.
  1771 | D:3      | Found Yly Obli's Antique Weapon Shoppe.
  1803 | D:3      | Reached XP level 4. HP: 29/29 MP: 4/4
  1954 | D:3      | Found Xuruuh's General Store.
  1965 | D:3      | Found Cighidod's Magic Scroll Emporium.
  2116 | D:3      | Found Odgho's Book Boutique.
  2244 | D:3      | Found a shimmering blue altar of Sif Muna.
  2272 | D:3      | Reached ** piety under Trog
  2288 | D:3      | Reached skill level 4 in Axes
  2301 | D:3      | Reached XP level 5. HP: 33/33 MP: 5/5
  2828 | D:4      | Found an iron altar of Okawaru.
  2984 | D:4      | Found a glowing drain.
  2999 | D:4      | Reached XP level 6. HP: 34/39 MP: 6/6
  3005 | Sewer    | Entered a sewer
  3305 | Sewer    | Found a white marble altar of Elyvilon.
  3514 | D:4      | Found a sparkling altar of Nemelex Xobeh.
  3815 | D:5      | Entered Level 5 of the Dungeon
  3815 | D:5      | Noticed an ice beast
  3844 | D:5      | Found a hide-covered altar of Uskayaw.
  3917 | D:5      | Reached skill level 5 in Fighting
  3917 | D:5      | Reached skill level 5 in Axes
  3989 | D:5      | Killed an ice beast
  3990 | D:5      | Reached XP level 7. HP: 44/44 MP: 7/7
  4514 | D:5      | Found a staircase to the Ecumenical Temple.
  4641 | Temple   | Entered the Ecumenical Temple
  4847 | D:5      | Reached skill level 6 in Axes
  5075 | D:3      | Bought a +2 helmet of see invisible for 279 gold pieces
  5153 | D:6      | Reached skill level 5 in Armour
  5216 | D:6      | Noticed a hornet
  5228 | D:6      | Killed a hornet
  5229 | D:6      | Reached XP level 8. HP: 51/51 MP: 8/8
  5505 | D:6      | Noticed a manticore
  5529 | D:6      | Reached skill level 7 in Axes
  5541 | D:6      | HP: 2/52 [manticore (7)]
  5542 | D:6      | Slain by a manticore

Illustrated notes

Levels and vault maps discovered:
D:1:      lightli_arrival_isolated_outpost, layout_rooms,
          kennysheep_another_room, chequers_serial_rivers_small_b
D:2:      layout_loops_cross, hellmonk_ecumenical_altar_zigzags
D:3:      layout_basic, mainiacjoe_overflow_alcove_4, serial_shops, shop,
          nicolae_shop_waterfront, nicolae_shop_waterfront,
          nicolae_shop_statue_plus
D:4:      layout_loops_ring, nemelex_xobeh_ov_fountains_minmay,
          okawaru_metal_pillars_1_2, portal_sewer_entry_e
D:5:      layout_basic, lemuel_crystal_altar, minmay_temple_entry_sparse_star,
          serial_co_window_serial, co_window_paths_b,
          co_window_of_opportunity_a, co_window_cross_1, co_window_paths_a,
          co_window_of_opportunity_a, co_window_of_opportunity_a,
          co_window_corner_a, co_window_paths_a, co_window_paths_b,
          co_window_of_opportunity_b, co_window_paths_c, co_window_corner_b,
          co_window_paths_d
D:6:      layout_rooms, nicolae_wu_jian_wuxing_cycle, kb_rosetta,
          uniq_blork_the_orc
Temple:   nicolae_temple_x_marks_the_god

Skill      XL: |  1  2  3  4  5  6  7  8 |
---------------+-------------------------+-----
Axes           | 3 4 5 6 7 |  7.0
Fighting       | 4 5 6 |  6.4
Armour         | 3 4 5 |  5.8
Dodging        | |  1.5

Action                   |  1- 3 |  4- 6 |  7- 9 || total
-------------------------+-------+-------+-------++-------
Melee: Hand axe          |    96 |   157 |    68 ||   321
       Punch             |       |     1 |     2 ||     3
       War axe           |       |       |    20 ||    20
Throw: Dart              |       |     1 |       ||     1
Invok: Berserk           |     3 |     6 |     9 ||    18
       Trog's Hand       |       |       |     2 ||     2
Evoke: Wand              |       |       |     4 ||     4
Armor: Animal skin       |    10 |       |       ||    10
       Chain mail        |    36 |       |       ||    36
       Plate armour      |    17 |   106 |    98 ||   221
Dodge: Dodged            |    44 |    43 |    57 ||   144
